 Dungeon Crawl Stone Soup version 0.28-a0-21-gf74fda84f9 (webtiles) character file.

Game seed: 14520856882456821180

155686 freelancePsychic the Bludgeoner (level 17, -2/143 HPs)
             Began as a Demonspawn Ice Elementalist on July 26, 2021.
             Was the Champion of Cheibriados.
             Slain by an Ice Fiend (10 damage)
             ... in an ice cave.
             The game lasted 01:26:20 (27452 turns).

freelancePsychic the Bludgeoner (DsIE)             Turns: 27452, Time: 01:26:21

Health: -2/143     AC: 27    Str: 24    XL:     17   Next: 9%
Magic:  19/29      EV:  9    Int: 37    God:    Cheibriados [******]
Gold:   1224       SH:  9    Dex: 32    Spells: 15/32 levels left

rFire   + . .      SeeInvis +   v - +2 eveningstar (freeze)
rCold   + + +      Faith    .   S - +2 buckler {AC+3}
rNeg    + . .      Spirit   .   I - +3 plate armour {rN+}
rPois   +          Reflect  .   (helmet restricted)
rElec   .          Harm     .   j - +2 cloak
rCorr   .          Rampage  .   p - +1 pair of gloves
Will    +++++                   E - +2 pair of boots {Fly}
Stlth   ..........              h - amulet of regeneration
HPRegen 2.33/turn               K - ring of Zocapp {Drain +Blink rC+ Will+++ SInv}
MPRegen 0.21/turn               N - ring of Uqih {rPois rF+ rC+++ Str-2 SInv}

@: attractive, flying, very slow
A: antennae 2, rugged brown scales 2, foul stench 3, powered by death 1,
corrupting presence 1, thin skeletal structure 1, agile 1, deformed body,
strong-willed 1
a: Renounce Religion, Evoke Blink, Bend Time, Temporal Distortion, Slouch, Step
From Time


You were in an ice cave.
You worshipped Cheibriados.
Cheibriados was exalted by your worship.
You visited 4 branches of the dungeon, and saw 25 of its levels.
You visited the Abyss 1 time.
You also visited: Bailey and Ice Cave.

You collected 2484 gold pieces.
You spent 1260 gold pieces at shops.

Inventory:

Hand Weapons
 v - a +2 eveningstar of freezing (weapon)
Missiles
 y - 5 curare-tipped darts
Armour
 a - a +0 robe
 j - a +2 cloak (worn)
 n - +0 storm dragon scales
 p - a +1 pair of gloves (worn)
 E - a +2 pair of boots of flying (worn)
 I - a +3 plate armour of positive energy (worn)
 P - the +0 pair of gloves "Woigruegh" {Str-5 Int+5}
   (You found it in an ice cave)

   Str:       It affects your strength (-5).
   Int:       It affects your intelligence (+5).
 S - a +2 buckler of protection (worn)
Magical Staves
 b - a staff of fire
 m - a staff of conjuration
Jewellery
 c - a +4 ring of protection
 f - a ring of magical power
 g - a ring of resist corrosion
 h - an amulet of regeneration (around neck)
 l - a ring of ice
 t - the amulet of the Air {Inacc Air Fly rElec RMsl}
   (You found it in a bailey)

   [amulet of nothing]

   It reduces the accuracy of all your attacks.
   It enhances your air magic.
   rElec:     It insulates you from electricity.
   Fly:       It grants you flight.
   RMsl:      It protects you from missiles.
 J - the amulet "Johin" {Spirit rPois}
   (You took it off a naga on level 1 of the Snake Pit)

   [amulet of guardian spirit]

   It causes incoming damage to be divided between your reserves of health and
   magic.
   rPois:     It protects you from poison.
 K - the ring of Zocapp (left hand) {Drain +Blink rC+ Will+++ SInv}
   (You bought it in a shop on level 10 of the Dungeon)

   [ring of protection from cold]

   rC:        It protects you from cold.
   SInv:      It lets you see invisible.
   +Blink:    It lets you blink.
   Drain:     It drains your maximum health when unequipped.
   Will:      It greatly increases your willpower.
 L - a ring of willpower
 N - the ring of Uqih (right hand) {rPois rF+ rC+++ Str-2 SInv}
   (You acquired it on level 1 of the Abyss)

   [ring of protection from fire]

   Str:       It affects your strength (-2).
   rF:        It protects you from fire.
   rC:        It renders you almost immune to cold.
   rPois:     It protects you from poison.
   SInv:      It lets you see invisible.
 Q - an amulet of guardian spirit
 U - a ring of ice
 V - a ring of see invisible
Wands
 e - a wand of flame (101)
 r - a wand of charming (14)
 C - a wand of acid (16)
 H - a wand of mindburst (30) (quivered)
 M - a wand of polymorph (8)
 X - a wand of iceblast (12)
Scrolls
 i - a scroll of enchant armour
 s - a scroll of torment
 x - 2 scrolls of enchant weapon
 A - 3 scrolls of immolation
 O - a scroll of teleportation {@r4}
 R - 2 scrolls of fog
 Y - a scroll of amnesia
Potions
 d - a potion of cancellation
 q - 4 potions of lignification
 u - 2 potions of magic
 w - 11 potions of curing {@q1}
 z - 3 potions of flight {unknown}
 B - 4 potions of resistance {unknown}
 D - 7 potions of mutation
 F - 2 potions of ambrosia {unknown}
 G - 2 potions of invisibility
 T - 3 potions of attraction
 W - 4 potions of brilliance
Miscellaneous
 o - a phantom mirror


   Skills:
 + Level 13.3 Fighting
 - Level 16.0 Maces & Flails
 - Level 11.8 Armour
 - Level 1.7 Dodging
 - Level 1.7 Stealth
 - Level 4.0 Shields
 - Level 8.2 Spellcasting
 - Level 2.7 Translocations
 * Level 13.3 Ice Magic
 - Level 6.7 Invocations


You had 15 spell levels left.
You knew the following spells:

 Your Spells              Type           Power      Damage    Failure   Level
a - Freeze                Ice            100%       1d11      1%          1
b - Frozen Ramparts       Ice            100%       1d12      1%          3
c - Ozocubu's Armour      Ice            85%        N/A       1%          3
d - Ozocubu's Refrigerat  Ice            42%        4d13      65%         7
e - Lesser Beckoning      Tloc           17%        N/A       26%         3

Your spell library contained the following spells:

 Spells                   Type           Power      Damage    Failure   Level
 Ensorcelled Hibernation  Hex/Ice        100%       N/A       2%          2
 Blink                    Tloc           N/A        N/A       13%         2
 Hailstorm                Conj/Ice       59%        3d13      17%         4
 Corona                   Hex            16%        N/A       26%         1
 Shock                    Conj/Air       60%        1d6       26%         1
 Sting                    Tmut/Pois      60%        1d6       26%         1
 Gell's Gravitas          Tloc           17%        N/A       26%         3
 Teleport Other           Tloc           35%        N/A       26%         3
 Poisonous Vapours        Pois/Air       30%        N/A       36%         2
 Static Discharge         Conj/Air       15%        N/A       36%         2
 Swiftness                Air            15%        N/A       61%         3
 Tukima's Dance           Hex            15%        N/A       61%         3
 Manifold Assault         Tloc           35%        N/A       93%         5
 Airstrike                Air            7%         N/A       95%         4
 Olgreb's Toxic Radiance  Pois           15%        N/A       95%         4
 Lightning Bolt           Conj/Air       7%         1d20      100%        5
 Ignition                 Fire           7%         3d5       100%        8
 Maxwell's Capacitive Co  Air            7%         ∞         100%        8


Dungeon Overview and Level Annotations

Branches:
Dungeon (15/15)            Temple (0/1) D:6            Lair (6/6) D:11
 Shoals (0/4) Lair:2        Snake (2/4) Lair:4        Slime (0/5) Lair:5
    Orc (2/2) D:12            Elf (0/3) Orc:2        Vaults (0/5) D:13
 Depths (0/5) D:15         Bailey (visited)           IceCv (1/1)

Altars:
Cheibriados
Elyvilon
Kikubaaqudgha
Nemelex Xobeh
Okawaru
Trog
Uskayaw
Vehumet
Xom
Zin

Shops:
D:1 :   D:4 (   D:8 [   D:9 *   D:10 *   Orc:2 **!=   Snake:1 [

Annotations:
D:8 Artifact Amulet
D:14 2 transporters, Eviy's ghost, journeyman OpWn
Lair:6 1 runed translucent door, exclusion: 3 oklob plants, Inoelank's ghost, journeyman GnFi
Snake:1 2 runed translucent doors, Lanoh's ghost, adept PaFi; Roxanne
Snake:2 exclusion: ice statue


Innate Abilities, Weirdness & Mutations

You have a pair of antennae on your head.
You are mostly covered in rugged brown scales. (AC +2, +5% HP)
You frequently emit foul miasma when damaged in melee.
You regenerate a little health from kills.
Your presence sometimes corrodes those you injure.
You have a somewhat thin skeletal structure. (Dex +2, Stealth+)
You are agile. (Dex +2)
Armour fits poorly on your strangely shaped body.
You are strong-willed. (Will+)


Message History

The bolt of cold hits the Ice Fiend.
The Ice Fiend completely resists.
The bolt of cold hits you. You resist.
* * * LOW HITPOINT WARNING * * *
You feel much better.
The Ice Fiend is no longer covered in acid.
You block the Ice Fiend's attack. x2
You barely miss the Ice Fiend.
The Ice Fiend is severely wounded.
The Ice Fiend claws you. The Ice Fiend freezes you. You resist.
You block the Ice Fiend's attack.
The Ice Fiend calls on the powers of darkness!
Your body is wracked with pain!
* * * LOW HITPOINT WARNING * * *
You can feel time thicken for a moment.
The Ice Fiend claws you but does no damage. x2
The Ice Fiend calls on the powers of darkness!
Your body is wracked with pain!
* * * LOW HITPOINT WARNING * * *
You feel much better. The Ice Fiend gestures at you. The bolt of cold hits you!
You resist.
* * * LOW HITPOINT WARNING * * *
The Ice Fiend gestures at you.
The bolt of cold hits the Ice Fiend.
The Ice Fiend completely resists.
The bolt of cold hits you. You resist.
* * * LOW HITPOINT WARNING * * *
You can feel time thicken for a moment.
The entropy weaver simulacrum vaporises!
Cheibriados appreciates the change of pace.
The Ice Fiend gestures at you. The bolt of cold hits you! You resist.
* * * LOW HITPOINT WARNING * * *
You feel much better. The Ice Fiend claws you!
* * * LOW HITPOINT WARNING * * *
The Ice Fiend freezes you! You resist.
* * * LOW HITPOINT WARNING * * *
You emit a cloud of foul miasma!
The Ice Fiend claws you!
* * * LOW HITPOINT WARNING * * *
The Ice Fiend freezes you! You resist.
You die...

##.....## ##### #....##
##...## ##..## ##.....#
#...## #......## ##...#
#.......####..##
#...##..##§##..####
##..#....#§§#..#..#
#@##.#..§§°...#...
#1#..##.§#§#......
#.1..○1§§☼☼#..###...##.
1......§☼§§☼...#
#..###.
.#..####§§§#...#
##.#.## #. °§..#○..#
##....# #
°..#°°°###....##
.###°.☼§##....#.
##..☼☼.§##...##.


You could see 2 Ice Fiends.

Vanquished Creatures
  Rupert (D:12)
  A storm dragon (D:13)
  An emperor scorpion (D:15)
  A dire elephant (D:15)
  Azrael (D:12)
  An ettin (D:13)
  Snorg (Lair:5)
  2 rakshasas
  2 naga warriors (Snake:1)
  Fannar (D:12)
  An ice dragon (Snake:2)
  9 hydras
  8 ogre magi
  4 boulder beetles
  A caustic shrike simulacrum (IceCv)
  2 catoblepae
  2 centaur warriors
  2 anacondas (Snake:1)
  34 two-headed ogres
  2 tengu warriors (D:15)
  6 death yaks (Lair:6)
  4 naga sharpshooters (Snake:1)
  Sonja (Lair:4)
  A fire crab (Lair:6)
  5 skeletal warriors
  A deep elf archer (D:13)
  A bog body (IceCv)
  An obsidian statue (IceCv)
  3 orc knights
  2 lindwurms (Lair:6)
  Pikel (D:7)
  7 deep elf pyromancers
  2 orc sorcerers
  6 deep elf zephyrmancers
  26 ugly things
  3 cyclopes
  2 salamanders
  10 manticores
  8 elephants (Lair:6)
  13 black mambas
  Joseph (D:8)
  4 centaur skeletons (D:13)
  3 naga magi
  Maurice (Orc:2)
  A gargoyle (D:13)
  3 smoke demons (Lair:6)
  Psyche (D:8)
  16 cane toads
  A cane toad (shapeshifter) (D:14)
  A torpor snail (Lair:6)
  14 komodo dragons
  4 kobold demonologists
  4 rime drakes
  2 efreet
  9 freezing wraiths (IceCv)
  A yaktaur (D:15)
  3 ice devils (IceCv)
  An ancient zyme (Lair:6)
  7 entropy weaver simulacra (IceCv)
  2 anaconda simulacra (IceCv)
  2 tengu conjurers (D:15)
  A queen bee (Bailey)
  2 trolls
  3 polar bears
  3 meliai (D:14)
  2 hornets
  A troll (shapeshifter) (D:13)
  A wind drake (Lair:2)
  21 blink frogs
  15 slime creatures
  4 dream sheep (Lair:6)
  A centaur simulacrum (D:13)
  Sigmund (D:5)
  A vampire (D:12)
  3 wraiths
  A dire elephant simulacrum (IceCv)
  2 ynoxinuls
  3 wyverns
  36 yaks
  4 fire elementals (D:12)
  5 basilisks
  A chaos spawn (Lair:6)
  3 minotaur simulacra (IceCv)
  9 vampire mosquitoes
  2 harpy simulacra (IceCv)
  Edmund (D:5)
  8 small abominations (Lair:6)
  4 wargs
  13 nagas (Snake:1)
  An acid dragon (D:12)
  A large abomination (Lair:6)
  4 hell hounds (D:12)
  10 water moccasins
  13 orc warriors
  3 sky beasts
  An ice beast (D:7)
  31 ogres
  A necrophage (D:4)
  3 black bears
  2 ettin simulacra (IceCv)
  33 wolves
  5 centaurs
  A phantom (D:7)
  6 kobold brigands
  10 bullfrogs
  A scorpion (D:7)
  A deep troll simulacrum (IceCv)
  A water moccasin skeleton (D:5)
  11 wights
  4 electric eels
  3 howler monkeys
  4 centaur zombies
  Crazy Yiuf (D:2)
  A bullfrog zombie (D:6)
  7 jellies
  3 iguanas
  An orc priest (D:8)
  16 orc wizards
  A hound skeleton (D:4)
  A howler monkey zombie (D:7)
  6 adders
  4 gnolls (D:4)
  A howler monkey skeleton (D:7)
  A shadow imp (D:7)
  2 white imps
  2 ufetubi
  2 adder skeletons
  4 worms
  3 dart slugs
  47 orcs
  5 ball pythons
  10 endoplasms
  15 giant cockroaches
  12 goblins
  4 hobgoblins
  9 jackals
  2 quokkas
  6 bats
  3 frilled lizards
  24 kobolds
  6 rats
761 creatures vanquished.

Vanquished Creatures (collateral kills)
  Saint Roka (Orc:2)
  A thrashing horror (Lair:6)
  A spriggan (Lair:6)
  A small abomination (Lair:6)
4 creatures vanquished.

Vanquished Creatures (others)
  A bush (Lair:6)
  37 fungi
  69 plants
  4 starspawn tentacles (Abyss:1)
111 creatures vanquished.

Grand Total: 876 creatures vanquished

Notes
Turn   | Place    | Note
-------+----------+-------------------------------------------
     0 | D:1      | freelancePsychic the Demonspawn Ice Elementalist began the
                  | quest for the Orb.
     0 | D:1      | Reached XP level 1. HP: 13/13 MP: 3/3
    81 | D:1      | Found a faded altar of an unknown god.
   159 | D:1      | Found Goul's Book Shoppe.
   204 | D:1      | Gained mutation: You regenerate a little health from kills.
                  | [demonic ancestry]
   204 | D:1      | Reached XP level 2. HP: 11/19 MP: 0/5
   931 | D:1      | Reached XP level 3. HP: 23/24 MP: 3/6
  1339 | D:1      | Learned a level 3 spell: Frozen Ramparts
  1852 | D:2      | Reached skill level 5 in Ice Magic
  1937 | D:2      | Reached XP level 4. HP: 30/30 MP: 1/7
  2409 | D:2      | Learned a level 3 spell: Ozocubu's Armour
  2671 | D:2      | Found a runed translucent door.
  2672 | D:2      | Noticed Crazy Yiuf
  2715 | D:2      | Killed Crazy Yiuf
  2716 | D:2      | Gained mutation: You may rarely emit foul miasma when
                  | damaged in melee. [demonic ancestry]
  2716 | D:2      | Reached XP level 5. HP: 35/35 MP: 8/8
  2882 | D:3      | Found a hide-covered altar of Uskayaw.
  3180 | D:3      | Noticed an ice beast
  3267 | D:3      | Noticed a centaur
  3400 | D:3      | Killed a centaur
  3401 | D:3      | Reached skill level 1 in Fighting
  3641 | D:3      | Reached XP level 6. HP: 37/44 MP: 9/9
  4467 | D:4      | Found Jiniphe's Antique Weapon Boutique.
  4532 | D:4      | Reached XP level 7. HP: 55/55 MP: 10/10
  4791 | D:5      | Entered Level 5 of the Dungeon
  4858 | D:5      | Reached skill level 5 in Fighting
  4929 | D:5      | Found a snail-covered altar of Cheibriados.
  4957 | D:5      | Became a worshipper of Cheibriados the Contemplative
  5023 | D:5      | Noticed Sigmund
  5043 | D:5      | Killed Sigmund
  5128 | D:5      | Noticed Edmund
  5137 | D:5      | Killed Edmund
  5421 | D:5      | Gained mutation: You sometimes emit foul miasma when
                  | damaged in melee. [demonic ancestry]
  5421 | D:5      | Reached XP level 8. HP: 67/67 MP: 11/11
  5900 | D:6      | Reached skill level 1 in Shields
  6217 | D:6      | Found a staircase to the Ecumenical Temple.
  6594 | D:6      | Reached skill level 1 in Maces & Flails
  6806 | D:7      | Noticed Pikel
  6818 | D:7      | Reached * piety under Cheibriados
  6819 | D:7      | Reached skill level 2 in Maces & Flails
  6823 | D:7      | Killed Pikel
  6824 | D:7      | Reached skill level 4 in Maces & Flails
  6824 | D:7      | Reached XP level 9. HP: 75/75 MP: 12/12
  6943 | D:7      | Paralysed by a hornet for 3 turns
  6947 | D:7      | Reached skill level 5 in Maces & Flails
  7033 | D:7      | Found an ancient bone altar of Kikubaaqudgha.
  7046 | D:7      | Reached skill level 6 in Maces & Flails
  7397 | D:8      | Found Zowoecs's Antique Armour Shoppe.
  7398 | D:8      | Noticed Joseph
  7414 | D:8      | Killed Joseph
  7415 | D:8      | Reached skill level 7 in Maces & Flails
  7415 | D:8      | Reached ** piety under Cheibriados
  7424 | D:8      | Bought a runed buckler for 172 gold pieces
  7480 | D:8      | Found a radiant altar of Vehumet.
  7679 | D:8      | Noticed Psyche
  7688 | D:8      | Killed Psyche
  7689 | D:8      | Reached XP level 10. HP: 58/83 MP: 10/13
  8066 | D:8      | Identified the +9 dagger of the Realm of Zot {flame, rF-
                  | Str+7 Int+4}
  8141 | D:9      | Paralysed by a hornet for 2 turns
  8153 | D:9      | Reached skill level 8 in Maces & Flails
  8264 | D:9      | Noticed a cyclops
  8290 | D:9      | Killed a cyclops
  8291 | D:9      | Reached skill level 10 in Fighting
  8394 | D:9      | Found Sothonwi's General Store.
  8410 | D:9      | Noticed a manticore
  8420 | D:9      | Killed a manticore
  8560 | D:9      | Found a sparkling altar of Nemelex Xobeh.
  8560 | D:9      | Found an iron altar of Okawaru.
  8583 | D:9      | Reached *** piety under Cheibriados
  8770 | D:10     | Entered Level 10 of the Dungeon
  8770 | D:10     | Found a shimmering altar of Xom.
  8822 | D:10     | Found Murohi's CLEARANCE SALE! EVERYTHING MUST GO!.
  8826 | D:10     | Bought a potion of curing for 9 gold pieces
  8826 | D:10     | Bought a scroll of teleportation for 9 gold pieces
  8875 | D:10     | Reached skill level 9 in Maces & Flails
  9050 | D:10     | Found Erripoes's Assorted Antiques.
  9060 | D:10     | Bought a pitted steel ring for 140 gold pieces
  9060 | D:10     | Identified the ring of Zocapp {Drain +Blink rC+ Will+++
                  | SInv} (You bought it in a shop on level 10 of the Dungeon)
  9243 | D:11     | Noticed a two-headed ogre
  9257 | D:11     | Found a flagged portal.
  9272 | Bailey   | Entered a bailey
  9433 | Bailey   | Noticed an orc knight
  9434 | Bailey   | Noticed an orc knight
  9438 | Bailey   | an orc knight changed into a queen bee
  9458 | Bailey   | Killed an orc knight
  9458 | Bailey   | Reached **** piety under Cheibriados
  9459 | Bailey   | Reached XP level 11. HP: 90/90 MP: 9/14
  9488 | Bailey   | Found the amulet of the Air {Inacc Air Fly rElec RMsl}
  9586 | Bailey   | Noticed an orc knight
  9597 | Bailey   | Killed an orc knight
  9598 | Bailey   | Reached skill level 1 in Armour
  9882 | D:11     | Killed a two-headed ogre
 10590 | D:11     | Found a staircase to the Lair.
 10596 | Lair:1   | Entered Level 1 of the Lair of Beasts
 11446 | Lair:2   | Learned a level 7 spell: Ozocubu's Refrigeration
 11837 | Lair:2   | Found a staircase to the Shoals.
 11981 | Lair:2   | Reached skill level 5 in Armour
 12059 | Lair:2   | Noticed an eight-headed hydra
 12068 | Lair:2   | Killed an eight-headed hydra
 12069 | Lair:2   | Reached skill level 10 in Ice Magic
 12425 | Lair:3   | Noticed a four-headed hydra
 12429 | Lair:3   | Killed a four-headed hydra
 12429 | Lair:3   | Reached ***** piety under Cheibriados
 12430 | Lair:3   | Gained mutation: You frequently emit foul miasma when
                  | damaged in melee. [demonic ancestry]
 12430 | Lair:3   | Reached XP level 12. HP: 97/97 MP: 11/15
 13002 | Lair:3   | Noticed a six-headed hydra
 13008 | Lair:3   | Killed a six-headed hydra
 13538 | Lair:4   | Noticed Sonja
 13545 | Lair:4   | Killed Sonja
 13546 | Lair:4   | Reached skill level 1 in Invocations
 13957 | Lair:4   | Found a staircase to the Snake Pit.
 14353 | Lair:5   | Identified the +1 ring mail of the Stallion {*Corrode rElec
                  | rF+ SInv}
 14464 | Lair:5   | Reached skill level 5 in Invocations
 14632 | Lair:5   | Found a staircase to the Slime Pits.
 14710 | Lair:5   | Noticed Snorg
 14727 | Lair:5   | Killed Snorg
 15075 | Lair:5   | Noticed a five-headed hydra
 15082 | Lair:5   | Killed a five-headed hydra
 15372 | Lair:6   | Entered Level 6 of the Lair of Beasts
 15390 | Lair:5   | Gained mutation: You are partially covered in rugged brown
                  | scales. (AC +1, +3% HP) [demonic ancestry]
 15390 | Lair:5   | Reached XP level 13. HP: 93/106 MP: 12/18
 15503 | Lair:6   | Reached ****** piety under Cheibriados
 15565 | Lair:6   | Reached skill level 10 in Armour
 15707 | Lair:6   | Reached skill level 5 in Spellcasting
 16220 | Lair:6   | Found a runed translucent door.
 16231 | Lair:6   | Noticed Inoelank's ghost (journeyman GnFi)
 16369 | Lair:6   | Gained mutation: You have a pair of small antennae on your
                  | head. [demonic ancestry]
 16369 | Lair:6   | Reached XP level 14. HP: 107/113 MP: 19/25
 16731 | Lair:6   | Cast into level 1 of the Abyss (spriggan)
 16770 | Abyss:1  | Identified a scroll of acquirement
 16771 | Abyss:1  | Acquired the ring of Uqih {rPois rF+ rC+++ Str-2 SInv}
 16804 | Abyss:1  | Noticed a tentacled starspawn
 16883 | Lair:6   | Escaped the Abyss
 16934 | Lair:6   | Reached skill level 10 in Maces & Flails
 17391 | D:12     | Noticed Rupert
 17402 | D:12     | Killed Rupert
 17482 | D:12     | Found a staircase to the Orcish Mines.
 17584 | D:12     | Noticed Fannar
 17598 | D:12     | Killed Fannar
 17886 | D:12     | Noticed Azrael
 17891 | D:12     | HP: 2/116 [rakshasa (10)]
 18197 | D:12     | Reached skill level 11 in Maces & Flails
 18210 | D:12     | Killed Azrael
 18844 | Orc:1    | Entered Level 1 of the Orcish Mines
 18844 | Orc:1    | Found an iron altar of Okawaru.
 19143 | Orc:2    | Entered Level 2 of the Orcish Mines
 19143 | Orc:2    | Noticed Saint Roka
 19205 | D:13     | Gained mutation: You are mostly covered in rugged brown
                  | scales. (AC +2, +5% HP) [demonic ancestry]
 19205 | D:13     | Reached XP level 15. HP: 86/127 MP: 21/27
 19585 | D:13     | Reached skill level 12 in Maces & Flails
 20353 | D:13     | Found a gate to the Vaults.
 20804 | D:13     | Noticed a storm dragon
 20817 | D:13     | Killed a storm dragon
 20818 | D:13     | Reached skill level 13 in Maces & Flails
 21066 | D:13     | Identified the +3 chain mail "Kidwomp" {Rampage Dex+2
                  | Slay-5}
 22098 | D:14     | Reached skill level 14 in Maces & Flails
 22240 | D:14     | Found a bloodstained altar of Trog.
 22240 | D:14     | Noticed Eviy's ghost (journeyman OpWn)
 22242 | D:14     | Found a transporter.
 22258 | D:14     | Found a transporter.
 22614 | D:15     | Entered Level 15 of the Dungeon
 22912 | D:15     | Reached skill level 15 in Maces & Flails
 22917 | D:15     | Gained mutation: You have a pair of antennae on your head.
                  | [demonic ancestry]
 22917 | D:15     | Reached XP level 16. HP: 80/135 MP: 22/28
 23956 | D:15     | Found a staircase to the Depths.
 24325 | D:15     | Upgraded the game from 0.28-a0-10-g964c8b829e to
                  | 0.28-a0-21-gf74fda84f9
 24507 | Orc:2    | Killed Saint Roka
 24557 | Orc:1    | Reached skill level 16 in Maces & Flails
 24640 | Orc:2    | Found a staircase to the Elven Halls.
 24669 | Orc:2    | Noticed Maurice
 24691 | Orc:2    | Killed Maurice
 25167 | Orc:2    | Found Umiph's General Store.
 25168 | Orc:2    | Found Beveimme's Jewellery Shop.
 25170 | Orc:2    | Found Huohag's Distillery.
 25170 | Orc:2    | Found Sioxanud's General Store.
 25178 | Orc:2    | Bought a potion of brilliance for 60 gold pieces
 25178 | Orc:2    | Bought a potion of cancellation for 120 gold pieces
 25179 | Orc:2    | Bought a scroll of enchant weapon for 120 gold pieces
 25179 | Orc:2    | Bought a potion of invisibility for 128 gold pieces
 25180 | Orc:2    | Bought a scroll of enchant weapon for 112 gold pieces
 25180 | Orc:2    | Bought a book of Spatial Translocations for 390 gold pieces
 25339 | Orc:2    | Learned a level 3 spell: Lesser Beckoning
 25542 | Snake:1  | Entered Level 1 of the Snake Pit
 25685 | Snake:1  | Reached skill level 1 in Translocations
 25859 | Snake:1  | Identified the amulet "Johin" {Spirit rPois}
 25948 | Snake:1  | Noticed Roxanne
 25952 | Snake:1  | Found Moepid's Armour Shop.
 26155 | Snake:1  | Found a large runed translucent door.
 26155 | Snake:1  | Found a large runed translucent door.
 26157 | Snake:1  | Noticed Lanoh's ghost (adept PaFi)
 26851 | Snake:2  | Found a frozen archway.
 26895 | IceCv    | Entered an ice cave
 27061 | IceCv    | Gained mutation: Your presence sometimes corrodes those you
                  | injure. [demonic ancestry]
 27061 | IceCv    | Reached XP level 17. HP: 132/142 MP: 29/29
 27073 | IceCv    | Identified the +0 pair of gloves "Woigruegh" {Str-5 Int+5}
 27434 | IceCv    | Noticed an Ice Fiend
 27434 | IceCv    | Noticed an Ice Fiend
 27436 | IceCv    | Gained mutation: You are strong-willed. (Will+) [potion of
                  | mutation]
 27436 | IceCv    | Gained mutation: You have a somewhat thin skeletal
                  | structure. (Dex +2, Stealth+) [potion of mutation]
 27436 | IceCv    | Gained mutation: Armour fits poorly on your strangely
                  | shaped body. [potion of mutation]
 27436 | IceCv    | Gained mutation: You are agile. (Dex +2) [potion of
                  | mutation]
 27452 | IceCv    | Slain by an Ice Fiend

Illustrated notes

Levels and vault maps discovered:
D:1:      minmay_arrival_hallway, layout_basic,
          shapermc_ecumenical_altar_mp_urbaneastern, serial_shops, shop
D:2:      minmay_roachtagon, layout_basic, serial_bayou_ford_a,
          grunt_decor_arrowhead, corner_web_ring, grunt_ministairs_1,
          solitary_fountain, uniq_crazy_yiuf_cottage
D:3:      layout_loops_ring, eat_drink_and_be_merry_uskayaw, serial_glass,
          glass_columns_a, glass_columns_a, glass_columns_a, glass_columns_b,
          glass_columns_a, glass_columns_b, glass_columns_c, glass_columns_c,
          glass_columns_a, glass_columns_c
D:4:      layout_basic, serial_shops, shop
D:5:      layout_loops_ring, mainiacjoe_overflow_alcove_2,
          amcnicky_altar_gilded, sigmund_edmund_badplayer
D:6:      layout_rooms, lemuel_temple_firewalk_b, serial_curves, eino_curves_03,
          eino_curves_02, eino_curves_01, eino_curves_04
D:7:      layout_rooms, mainiacjoe_overflow_surrounded_room,
          serial_bayou_crossing, uniq_pikel
D:8:      layout_basic, fiery_altar_vehumet, serial_glass, glass_columns_b,
          glass_columns_a, feat_on_display, due_unseen_surprise,
          feat_on_display, item_on_display_b, nicolae_stop_n_shop_1,
          uniq_joseph, uniq_psyche
D:9:      layout_rooms, chequers_temple_overflow_statue_of_worship,
          serial_shops, nicolae_stop_n_shop_1, serial_aquarium,
          aquarium_bridge_straight [aquarium_subvault_bridge,
          aquarium_subvault_wall, aquarium_subvault_bridge,
          aquarium_subvault_wall], aquarium_window_fake, aquarium_window_corner,
          aquarium_view_2b, aquarium_pool_2
D:10:     layout_gridville, lemuel_crystal_altar, serial_shops,
          nicolae_shop_trees, nicolae_shop_clearance
D:11:     layout_basic, lair_entry_dummy, enter_bailey_3
D:12:     layout_layer_cave, orc_0_dummy, nicolae_elyvilon_temple_path,
          uniq_azrael, uniq_rupert, uniq_fannar
D:13:     minmay_outward_triangles, layout_small_grid,
          hangedman_vaults_entry_quadrant_bands
D:14:     layout_loops_ring, gammafunk_ghost_wrathful_warriors,
          serial_park_square3 [serial_park_minivault_5x5_2]
D:15:     hangedman_depths_entry_try_elsewhere_first, layout_loops_ring,
          bh_walls_and_bars, elves_outpost_lemuel
Lair:1:   layout_regular_city, grunt_megastairs_4, serial_bayou_shore_b
Lair:2:   layout_chaotic_city, minmay_shoals_entry_beasts, serial_bayou_pond_d,
          hibernation_bobbens
Lair:3:   layout_regular_city
Lair:4:   layout_loops_ring, guppyfry_snake_entry_island, uniq_sonja
Lair:5:   layout_small_grid, minmay_slime_entry_pillars,
          cheibrodos_lair_reptile_den, grunt_megastairs_1, uniq_snorg
Lair:6:   hellmonk_lair_end_abyssal_woods, layout_gridlike,
          ebering_ghost_inner_flame, serial_bayou_shore_a, grunt_megastairs_3,
          minmay_lair_oklob_chamber
Snake:1:  layout_layer_cave, serial_shops, shop, ebering_ghost_disaster_area,
          uniq_roxanne
Snake:2:  layout_honeycomb, portal_ice_cave_entry_ice_statue_two,
          gammafunk_ghost_necromancy, minmay_shop_star, uniq_aizul
Orc:1:    layout_caves, okawaru_metal_pillars_1_2
Orc:2:    st_orc_ogre_mass, layout_caves, uniq_maurice, uniq_saint_roka
IceCv:    ice_cave_small_demon

Skill      XL: |  1  2  3  4  5  6  7  8  9 10 11 12 13 14 15 16 |
---------------+-------------------------------------------------+-----
Ice Magic      | 4 5 6 8 10 11 13 | 13.3
Fighting       | 2 4 7 8 9 10 12 13 | 13.3
Shields        | 4 |  4.0
Maces & Flails | 4 7 9 11 15 16 | 16.0
Armour         | 6 9 11 | 11.8
Invocations    | 6 |  6.7
Spellcasting   | 7 8 |  8.2
Translocations | 2 |  2.7
Dodging        | |  1.7
Stealth        | |  1.7

Action                   |  1- 3 |  4- 6 |  7- 9 | 10-12 | 13-15 | 16-18 || total
-------------------------+-------+-------+-------+-------+-------+-------++-------
Melee: Staff             |    17 |   107 |   100 |       |       |       ||   224
       Eveningstar       |       |       |    72 |   357 |   997 |   585 ||  2011
 Cast: Freeze            |    58 |    46 |    10 |       |       |       ||   114
       Frozen Ramparts   |     1 |    19 |    30 |    52 |    62 |    32 ||   196
       Ozocubu's Armour  |       |     6 |    25 |    17 |    23 |    15 ||    86
       Lesser Beckoning  |       |       |       |       |       |     7 ||     7
Invok: Slouch            |       |       |       |       |     1 |     3 ||     4
       Temporal Distorti |       |       |       |       |     3 |     3 ||     6
Evoke: Wand              |       |       |       |    25 |    19 |       ||    44
       Phantom mirror    |       |       |       |       |     1 |     1 ||     2
  Use: Scroll            |       |     6 |     4 |     6 |    16 |     5 ||    37
       Potion            |       |       |     1 |     1 |     3 |     9 ||    14
 Stab: Invisible         |       |       |       |       |       |     8 ||     8
       Distracted        |       |       |       |       |       |     2 ||     2
Armor: Robe              |    13 |    54 |   125 |    67 |       |       ||   259
       Plate armour      |       |       |       |   219 |   819 |   310 ||  1348
       Storm dragon scal |       |       |       |       |       |    63 ||    63
Dodge: Dodged            |    55 |   130 |   131 |   160 |   380 |   222 ||  1078
       Repelled          |       |       |       |     1 |     2 |     1 ||     4
Block: Buckler           |       |       |    28 |   182 |   519 |   238 ||   967

Table legend: (Time is in decaauts)
 A = Elapsed time spent in this place.
 B = Non-inter-level travel time spent in this place.
 C = Inter-level travel time spent in this place.
 D = Time resting spent in this place.
 E = Time spent auto-exploring this place.
 F = Levels seen in this place.
 G = Mean time per level.
                   A        B        C        D        E       F      G
               +--------+--------+--------+--------+--------+-----+--------+
         Total |  37953 |  35848 |   2105 |   1635 |  27653 |  28 | 1355.5 |
       Dungeon |  22049 |  20723 |   1326 |   1373 |  15762 |  15 | 1469.9 |
          Lair |  10210 |   9629 |    581 |     83 |   8198 |   6 | 1701.7 |
     Snake Pit |   2166 |   2071 |     95 |     40 |   1639 |   2 | 1083.0 |
  Orcish Mines |   1775 |   1673 |    102 |     86 |   1089 |   2 |  887.5 |
         Abyss |    275 |    275 |      0 |      0 |    100 |   1 |  275.0 |
        Bailey |    774 |    774 |      0 |     10 |    505 |   1 |  774.0 |
      Ice Cave |    701 |    701 |      0 |     43 |    359 |   1 |  701.0 |
               +--------+--------+--------+--------+--------+-----+--------+

Top non-repeatable levels by time:
    D:13: 3043 daAuts
    D:12: 2859 daAuts
    D:15: 2303 daAuts
  Lair:6: 2111 daAuts
 Snake:1: 2048 daAuts
  Lair:5: 2034 daAuts
    D:14: 1808 daAuts
     D:1: 1702 daAuts
  Lair:3: 1619 daAuts
  Lair:2: 1548 daAuts
    D:11: 1516 daAuts
  Lair:4: 1457 daAuts
  Lair:1: 1439 daAuts
   Orc:2: 1401 daAuts
     D:5: 1228 daAuts
